 Dungeon Crawl Stone Soup version 0.30-a0-241-g1121274140 (webtiles) character file.

Game seed: 107426515679604732

284 KennySheep the Changer (level 5, -1/39 HPs)
             Began as a Demigod Transmuter on Oct 10, 2022.
             Slain by a gnoll
             ... wielding a +0 spear
              (11 damage)
             ... on level 4 of the Dungeon.
             The game lasted 00:11:39 (3136 turns).

KennySheep the Changer (Demigod Transmuter)         Turns: 3136, Time: 00:11:39

Health: -1/39      AC:  2    Str: 15    XL:     5   Next: 78%
Magic:  7/10       EV: 19    Int: 19    God:
Gold:   102        SH:  0    Dex: 19    Spells: 1/7 levels left

rFire   . . .      SeeInvis .      - Unarmed
rCold   . . .      Faith    .    (shield currently unavailable)
rNeg    . . .      Spirit   .    (body armour currently unavailable)
rPois   x          Reflect  .    (helmet currently unavailable)
rElec   +          Harm     .    (cloak currently unavailable)
rCorr   .          Rampage  +    (gloves currently unavailable)
Will    .....                    (boots currently unavailable)
Stlth   ++........               m - amulet of Zin's Brutal Revenge {Rampage +Blink rElec Regen+ Str+4}
HPRegen 1.06/turn                (no ring)
MPRegen 0.12/turn                (no ring)

@: spider-form (expiring), very slightly contaminated
A: venomous fangs, tiny, high MP 1, forlorn, divine attributes
a: End Transformation, Evoke Blink


You were on level 4 of the Dungeon.
You were a venomous arachnid creature.
You visited 1 branch of the dungeon, and saw 5 of its levels.

You collected 238 gold pieces.
You spent 136 gold pieces at shops.

Inventory:

Armour
 g - the +1 robe of the Locust (melded) {Fly Regen+ rCorr}
   (You found it on level 3 of the Dungeon)

   Fly:       It grants you flight.
   Regen:     It increases your rate of health regeneration.
   rCorr:     It protects you from acid and corrosion.
 t - a +0 cloak (melded)
Jewellery
 l - a ring of fire
 m - the amulet of Zin's Brutal Revenge (around neck) {Rampage +Blink rElec Regen+ Str+4}
   (You found it on level 2 of the Dungeon)

   [amulet of regeneration]

   Str:       It affects your strength (+4).
   rElec:     It insulates you from electricity.
   +Blink:    It lets you blink.
   Regen:     It increases your rate of health regeneration.
   Rampage:   It bestows one free step when moving towards enemies.
Scrolls
 a - 2 scrolls of identify
 d - 2 scrolls of blinking
 e - a scroll of immolation
 n - a scroll of poison
 o - a scroll of noise
 p - a scroll of magic mapping
 q - 2 scrolls of teleportation
 s - a scroll of enchant armour {unknown}
 u - a scroll of fear {unknown}
Potions
 b - a potion of lignification
 c - 4 potions of curing
 f - a potion of heal wounds
 h - 3 potions of might
 i - a potion of attraction
 j - a potion of ambrosia {unknown}
 k - a potion of flight
 r - a potion of brilliance {unknown}


   Skills:
 - Level 0.8 Fighting
 - Level 1.7 Dodging
 + Level 3.8 Unarmed Combat
 - Level 1.7 Spellcasting
 * Level 4.3 Transmutations
 + Level 2.4 Poison Magic


You had one spell level left.
You knew the following spells:

 Your Spells              Type           Power      Damage    Failure   Level
a - Beastly Appendage     Tmut           36%        N/A       11%         1
b - Wereblood             Tmut           18%        N/A       13%         2
z - Spider Form           Tmut/Pois      14%        N/A       30%         3

Your spell library contained the following spells:

 Spells                   Type           Power      Damage    Failure   Level
 Call Canine Familiar     Summ           1%         N/A       67%         3
 Portal Projectile        Hex/Tloc       2%         N/A       67%         3
 Ice Form                 Ice/Tmut       9%         N/A       77%         4
 Leda's Liquefaction      Hex/Erth       0%         N/A       95%         4


Dungeon Overview and Level Annotations

Branches:
Dungeon (5/15)             Temple (0/1) D:5

Shops:
D:3 ?


Innate Abilities, Weirdness & Mutations

You are a venomous arachnid creature.
You have poisonous fangs.
You are tiny and dextrous.
Your spellcasting is less reliable in this form.
Your armour is entirely melded.
You are incapable of wielding weapons or throwing items.
You have an increased reservoir of magic. (+10% MP)
You shall have no god before yourself.
Your divine heritage dramatically boosts your attributes as you level up.


Message History

The orc completely misses you.
You hit the orc.
The orc looks as sick as possible!
The orc is severely wounded.
You kill the orc!
The gnoll drinks a potion.
The gnoll goes berserk!
You hear a shout! x2
The gnoll rages.
The orc throws a boomerang.
The boomerang barely misses you.
You hear an angry hiss.
You hear a shout!
You aren't carrying any items that you can evoke.
Unknown command.
Casting: Spider Form (quite dangerous; 30% risk of failure)
Confirm with . or Enter, or press ? or * to list all spells.
You miscast Wereblood.
You are very lightly contaminated with residual magic.
Nothing appears to happen.
The gnoll hits you from afar with a +0 spear.
The gnoll misses you.
The orc throws a boomerang.
The boomerang hits you but does no damage.
You rampage towards the gnoll!
You hit the gnoll.
The gnoll is poisoned.
The gnoll is lightly wounded.
The gnoll hits you with a +0 spear!
You barely miss the gnoll.
The gnoll is moderately wounded.
Your transformation is almost over.
The gnoll hits you with a +0 spear! The orc misses you.
The gnoll barely misses you.
You hit the gnoll.
The gnoll looks as sick as possible!
The gnoll is heavily wounded.
The gnoll hits you with a +0 spear!
* * * LOW HITPOINT WARNING * * *
The orc misses you.
An orc comes into view. It is wielding a +0 club.
You hit the gnoll.
The gnoll looks as sick as possible!
The gnoll is heavily wounded.
The gnoll hits you with a +0 spear.
* * * LOW HITPOINT WARNING * * *
The orc barely misses you. The gnoll hits you with a +0 spear!
You die...

...#.... ##.....#
.# #....# ..##
##....# ..#
....####.....#
..)
....o.#......#
... .
#.........## ..#
.. ###....o..##
#..# ...
##..sgs..#####..#
#...
##).####...##.(.#
#...#.[##
##.).....#
##....))##
##.....###
....s....#
###.###...####
.#..#..).#
#...##..#....##
#.##....##
#.##≈≈.~~.....##
. ##...#
##.≈≈~~~~~.##..#
##...
#≈≈≈~≈≈≈≈≈~##..


You could see a scorpion, a gnoll (berserk, extremely poisoned) and 2 orcs.

Vanquished Creatures
  Menkaure (D:4)
  An orc priest (D:4)
  3 gnolls (D:4)
  2 adders (D:3)
  2 worms (D:3)
  6 dart slugs
  An orc (D:4)
  5 endoplasms
  3 giant cockroaches
  4 goblins
  7 hobgoblins
  13 jackals
  3 quokkas
  8 ball pythons
  6 bats
  A frilled lizard (D:1)
  A kobold (D:2)
  2 rats (D:1)
69 creatures vanquished.

Notes
Turn   | Place    | Note
-------+----------+-------------------------------------------
     0 | D:1      | KennySheep the Demigod Transmuter began the quest for the
                  | Orb.
     0 | D:1      | Reached XP level 1. HP: 15/15 MP: 5/5
   143 | D:1      | Reached skill level 2 in Transmutations
   255 | D:1      | Reached XP level 2. HP: 22/22 MP: 7/7
   426 | D:1      | Learned a level 2 spell: Wereblood
   669 | D:1      | Reached skill level 1 in Poison Magic
  1404 | D:2      | Reached XP level 3. HP: 27/27 MP: 6/8
  1472 | D:2      | Identified the amulet of Zin's Brutal Revenge {Rampage
                  | +Blink rElec Regen+ Str+4}
  2048 | D:3      | Reached skill level 3 in Transmutations
  2119 | D:3      | Found Ufosuotito's Magic Scroll Boutique.
  2134 | D:3      | Bought a scroll of magic mapping for 97 gold pieces
  2134 | D:3      | Bought a scroll of teleportation for 39 gold pieces
  2368 | D:3      | Reached XP level 4. HP: 23/34 MP: 7/9
  2568 | D:3      | Noticed a necrophage
  2777 | D:3      | Identified the +1 robe of the Locust {Fly Regen+ rCorr}
  2805 | D:3      | Learned a level 3 spell: Spider Form
  2875 | D:4      | You are sucked into a shaft and drop 1 floor!
  2875 | D:5      | Entered Level 5 of the Dungeon
  2876 | D:5      | Found a staircase to the Ecumenical Temple.
  2915 | D:4      | Noticed Menkaure
  2931 | D:4      | Killed Menkaure
  2932 | D:4      | Reached skill level 4 in Transmutations
  2932 | D:4      | Reached XP level 5. HP: 24/39 MP: 1/10
  3136 | D:4      | Slain by a gnoll

Illustrated notes

Levels and vault maps discovered:
D:1:      dpeg_arrival_arbitrary_a, layout_loops_corners, minmay_distorted
D:2:      layout_basic
D:3:      layout_basic, serial_shops, shop
D:4:      kennysheep_slugbush, layout_layer_cave, mainiacjoe_overflow_alcove_4,
          grunt_decor_mini_mirrors, uniq_menkaure
D:5:      layout_basic, mainiacjoe_overflow_alcove_2,
          nicolae_qazlal_general_emergency, tgw_xom,
          minmay_temple_entry_statues_fountains, serial_undead, serial_undead_c,
          serial_undead_d, serial_undead_b, serial_undead_f

Skill      XL: |  1  2  3  4 |
---------------+-------------+-----
Transmutations | 2 3 4 |  4.3
Unarmed Combat | 3 |  3.8
Poison Magic   | 1 2 |  2.4
Fighting       | |  0.8
Dodging        | |  1.7
Spellcasting   | |  1.7

Action                   |  1- 3 |  4- 6 || total
-------------------------+-------+-------++-------
Melee: Unarmed           |   166 |    69 ||   235
       Kick              |    13 |     1 ||    14
       Headbutt          |     4 |     1 ||     5
       Punch             |     6 |       ||     6
 Cast: Beastly Appendage |    10 |     1 ||    11
       Spider Form       |       |     4 ||     4
       Wereblood         |       |     1 ||     1
  Use: Potion            |     1 |     4 ||     5
       Scroll            |       |     4 ||     4
 Stab: Sleeping          |     4 |     1 ||     5
Armor: Robe              |    24 |       ||    24
       Skin              |       |     1 ||     1
Dodge: Dodged            |   104 |    49 ||   153

Table legend: (Time is in decaauts)
 A = Elapsed time spent in this place.
 B = Non-inter-level travel time spent in this place.
 C = Inter-level travel time spent in this place.
 D = Time resting spent in this place.
 E = Time spent auto-exploring this place.
 F = Levels seen in this place.
 G = Mean time per level.
                   A        B        C        D        E       F      G
               +--------+--------+--------+--------+--------+-----+--------+
         Total |   3121 |   2986 |    135 |    164 |   2135 |   5 |  624.2 |
       Dungeon |   3121 |   2986 |    135 |    164 |   2135 |   5 |  624.2 |
               +--------+--------+--------+--------+--------+-----+--------+

Top non-repeatable levels by time:
     D:1: 1145 daAuts
     D:2: 895 daAuts
     D:3: 824 daAuts
     D:4: 217 daAuts
     D:5: 39 daAuts
